[Event "Early-Titled-Tuesday-Blitz-April-02-2024"]
[Site "Chess.com"]
[Date "2024.04.02"]
[Round "9"]
[White "yaguigor"]
[Black "SlavenPastar"]
[Result "1-0"]
[WhiteElo "2646"]
[BlackElo "2546"]
[TimeControl "180+1"]
[EndTime "9:45:39 PDT"]
[Termination "yaguigor won by resignation"]

1. e4 b6 2. d4 Bb7 3. Bd3 Nf6 4. Nd2 e6 5. Ngf3 d5 6. e5 Ne4 7. Qe2 Nxd2 8. Bxd2 c5 9. c3 a5 10. O-O Be7 11.
dxc5 bxc5 12. c4 O-O 13. Rfd1 d4 14. Bf4 Nd7 15. Be4 Rb8 16. b3 a4 17. Rd3 h6 18.
Nd2 Qc7 19. Rg3 Bxe4 20. Nxe4 Nxe5 21. Nxc5 Qxc5 22. Bxe5 g6 23. Bxb8 Rxb8 24. Rd1 Bf6 25. Qe4 Bg7 26. h4 h5 27. Rf3 Rd8 28. g4 hxg4 29.
Qxg4 e5 30. h5 Rd6 31. Rg3 Re6 32. Qe4 f5 33. Qa8+ Qf8 34. Qxf8+ Kxf8 35. Rxg6 Rxg6+ 36. hxg6 axb3 37. axb3 e4 38. f3 d3 39. fxe4 fxe4 40. Re1 d2 41. Rd1 Bh6 42. Kf1 Ke7 43. Ke2 e3 44. Rg1 Kf6 45. g7 Bxg7 46. Kxe3 Bh6+ 47. Ke2 Ke5 48. Rd1 Kd4 49. Rxd2+ Bxd2 50. Kxd2 1-0

[Event "Early-Titled-Tuesday-Blitz-April-02-2024"]
[Site "Chess.com"]
[Date "2024.04.02"]
[Round "9"]
[White "ccccvhhhj"]
[Black "Antosha_Chekhonte"]
[Result "0-1"]
[WhiteElo "2438"]
[BlackElo "2589"]
[TimeControl "180+1"]
[EndTime "9:45:39 PDT"]
[Termination "Antosha_Chekhonte won on time"]

1. e4 c6 2. d4 d5 3. e5 c5 4. dxc5 e6 5. Qg4 Nd7 6. Nf3 Nxc5 7. Be2 Ne7 8. O-O Nf5 9. Rd1 Bd7 10.
c4 h5 11. Qf4 dxc4 12. Qxc4 Be7 13. Nc3 O-O 14. b4 Na6 15. a3 Rc8 16. Qb3 Qe8 17. Bf4 Nc7 18. Rd2 Nb5 19. Ne4 Bc6 20. Nd6 Nbxd6 21. exd6 Bf6 22. Rad1 Bd5 23. Qb1 g6 24. Ne5 Bxe5 25. Bxe5 f6 26. Bf4 g5 27. Be3 Nxd6 28. Bc5 Rc6 29. Rd4 b6 30. Bxd6 Rxd6 31. Bc4 Qf7 32.
Bxd5 Rxd5 33. Qb2 Rfd8 34. Rxd5 Rxd5 35. Re1 Kg7 36. h3 e5 37. Rc1 Qd7 38. Qc2 Rd2 39.
Qc3 Qd4 40. Qc7+ Kg6 41. Qxa7 Qxf2+ 0-1

[Event "Early-Titled-Tuesday-Blitz-April-02-2024"]
[Site "Chess.com"]
[Date "2024.04.02"]
[Round "9"]
[White "valik3504"]
[Black "ljuks68"]
[Result "1-0"]
[WhiteElo "2544"]
[BlackElo "2411"]
[TimeControl "180+1"]
[EndTime "9:45:39 PDT"]
[Termination "valik3504 won on time"]

1. d4 d5 2. c4 c6 3. Nf3 Nf6 4.
Qc2 dxc4 5. e4 b5 6. b3 cxb3 7. axb3 Bb7 8. Bd2 e6 9. Ba5 Qc8 10. Bd3 Be7 11. O-O h6 12. b4 O-O 13. Nbd2 Nbd7 14. Nb3 a6 15. Rac1 Qb8 16. Qe2 Rc8 17.
Rfd1 Qf4 18. g3 Qg4 19. Kg2 c5 20. h3 Qh5 21. dxc5 Ne5 22. Nxe5 Qxe5 23. f3 Nh7 24. h4 g5 25. h5 g4 26. f4 Qg7 27.
Kf2 Nf6 28. e5 Nxh5 29. Be4 Bxe4 30. Qxe4 f5 31. Qh1 Qg6 32. Rd7 Re8 33. Rcd1 Ng7 34.
Qb7 Kf8 35. Nd4 h5 36. Nc6 h4 37. Rxe7 hxg3+ 38. Kg2 Qh5 39. Rh1 1-0

[Event "Early-Titled-Tuesday-Blitz-April-02-2024"]
[Site "Chess.com"]
[Date "2024.04.02"]
[Round "9"]
[White "azikom"]
[Black "Mr_ruthless"]
[Result "1-0"]
[WhiteElo "2638"]
[BlackElo "2507"]
[TimeControl "180+1"]
[EndTime "9:45:41 PDT"]
[Termination "azikom won by resignation"]

1. d4 Nf6 2. Bf4 d5 3. e3 c5 4. c3 Nc6 5. Nd2 Bf5 6. Qb3 Qd7 7. Ngf3 e6 8. Nh4 c4 9. Qd1 b5 10. Nxf5 exf5 11. h3 Bd6 12. Bxd6 Qxd6 13. Qf3 g6 14. g4 fxg4 15. hxg4 Qe6 16. Bg2 g5 17. Rh6 Ke7 18. O-O-O Rag8 19. Rxf6 Qxf6 20. Qxd5 Nd8 21. Qc5+ Ke8 22.
Qxb5+ Kf8 23. Ne4 Qb6 24. Qxc4 h5 25. gxh5 Rxh5 26. Qc8 Kg7 27. Qg4 Qg6 28. Ng3 Rh4 29.
Nf5+ Kf6 30. Nxh4 gxh4 31. Qxh4+ Qg5 32. Qxg5+ Rxg5 33. Be4 Ke7 34. Kd2 Kd6 35. Ke2 f5 36. Bf3 Ne6 37. Rh1 f4 38. e4 Ra5 39. a3 Rb5 40. b4 a5 41. e5+ Ke7 42. Rh7+ Kf8 43. Rh6 Ke7 44. Bg4 Ng5 45. Kd3 axb4 46. axb4 Rb8 47. Rg6 Nf7 48. Re6+ Kf8 49. Rf6 Kg7 50. Rxf4 Ra8 51. Be6 Ng5 52. Bd5 Ra1 53. Rf5 Kg6 54. Rf6+ Kg7 55. f4 Nh3 56. Kc4 Nf2 57. f5 Ng4 58.
Rf7+ 1-0

[Event "Early-Titled-Tuesday-Blitz-April-02-2024"]
[Site "Chess.com"]
[Date "2024.04.02"]
[Round "9"]
[White "bascheyaro"]
[Black "JimDiGrease"]
[Result "1-0"]
[WhiteElo "2824"]
[BlackElo "2955"]
[TimeControl "180+1"]
[EndTime "9:45:42 PDT"]
[Termination "bascheyaro won by resignation"]

1. d4 d5 2. Nf3 Nf6 3. Bf4 c5 4. e3 Nc6 5. c3 Qb6 6. Qb3 c4 7. Qc2 Bf5 8. Qc1 e6 9. Be2 Be7 10. O-O O-O 11. Nbd2 Rfc8 12. h3 h6 13. Ne5 Qd8 14. Re1 b5 15. Bf3 Ne4 16. Nxe4 Bxe4 17. Bxe4 dxe4 18. Nxc6 Rxc6 19. a3 Qd5 20. Rf1 a5 21.
Qc2 f5 22. f3 exf3 23. gxf3 Bd6 24. e4 fxe4 25. fxe4 Qh5 26. Bxd6 Rxd6 27. e5 Rdd8 28. Qg2 Rf8 29. Qg4 Qxg4+ 30. hxg4 Rxf1+ 31. Kxf1 Rb8 32. Ke2 Kf7 33. Ke3 Kg6 34. Ke4 Kg5 35. Rf1 Rb7 36.
d5 exd5+ 37. Kxd5 Kxg4 38. e6 g5 39. Rf7 Rb8 40. e7 Re8 41. Ke6 h5 42. Rf8 Rxe7+ 43. Kxe7 h4 44. Rh8 h3 45. Kf6 a4 46. Rh7 Kg3 47.
Kxg5 h2 48. Kf5 Kg2 49. Ke4 h1=Q 50. Rxh1 Kxh1 51. Kd5 Kg2 52. Kc5 Kf3 53. Kxb5 Ke4 54. Kxc4 1-0

[Event "Early-Titled-Tuesday-Blitz-April-02-2024"]
[Site "Chess.com"]
[Date "2024.04.02"]
[Round "9"]
[White "Kirill_Klukin"]
[Black "Nf3c5"]
[Result "1-0"]
[WhiteElo "2811"]
[BlackElo "2607"]
[TimeControl "180+1"]
[EndTime "9:45:42 PDT"]
[Termination "Kirill_Klukin won on time"]

1. c4 Nf6 2. Nc3 g6 3. g3 Bg7 4. Bg2 O-O 5. e3 e5 6. Nge2 c6 7. d4 d6 8. O-O Qe7 9. b4 e4 10.
a4 h5 11. b5 Bg4 12. Qc2 Re8 13. Ba3 Nbd7 14. bxc6 bxc6 15. Rab1 Nf8 16. Rb2 Rad8 17.
Rfb1 Bc8 18. Rb8 N8h7 19. a5 Ng5 20. Qa4 Nf3+ 21. Kh1 Ng4 22. Nd1 Ngxh2 23. Qxc6 h4 24. R1b5 hxg3 25. fxg3 Bd7 26. Qc7 Bf6 27. Bxd6 Qe6 28. Nf2 Bxb5 29. Rxb5 Qxd6 30. Qxd6 Rxd6 31. Nf4 Rdd8 32. Nd5 Bg7 33. Rb7 Rb8 34. a6 Rxb7 35.
axb7 Rb8 36. Nxe4 Rxb7 37. Bxf3 Nxf3 38. c5 a5 39. c6 Rb1+ 40. Kg2 Ne1+ 41. Kh3 Rc1 42.
Nc5 Nf3 43. c7 Ng5+ 44. Kg2 Rc2+ 45. Kf1 Rxc5 46. dxc5 1-0

[Event "Early-Titled-Tuesday-Blitz-April-02-2024"]
[Site "Chess.com"]
[Date "2024.04.02"]
[Round "9"]
[White "Grossboss19"]
[Black "ChessSwole"]
[Result "1-0"]
[WhiteElo "2576"]
[BlackElo "2682"]
[TimeControl "180+1"]
[EndTime "9:45:42 PDT"]
[Termination "Grossboss19 won by resignation"]

1. Nf3 d5 2. e3 Nf6 3. b3 c5 4.
Bb2 Nc6 5. Bb5 Qb6 6. a4 a6 7. Be2 g6 8. O-O Bg7 9. Qc1 O-O 10. Ne5 Rd8 11. f4 d4 12. Nxc6 Qxc6 13. Bf3 Qc7 14.
Na3 Be6 15. Nc4 Bxc4 16. bxc4 Rac8 17. d3 dxe3 18. Be5 Qd7 19. Rb1 Qxa4 20. Rxb7 Rd7 21. Qxe3 Qxc2 22. Bxf6 Rxd3 23. Qxe7 Qxc4 24. Bxg7 Kxg7 25.
Qe5+ Kg8 26. Be2 Qd4+ 27. Qxd4 Rxd4 28. Bxa6 Ra8 29. Bb5 Ra2 30. Rc7 Rdd2 31. Bc6 c4 32. Be4 Rd4 33. Re1 h5 34. f5 gxf5 35. Bxf5 Rf4 36.
Be4 Ra4 37. Bd5 Kf8 38. Rf1 Rxf1+ 39. Kxf1 f6 40. Bxc4 Ra3 41. Rf7+ Ke8 42. Rxf6 Ke7 43. Rh6 Kf8 44. Rxh5 Kg7 45. Be2 Kg6 46. Re5 Kf6 47. Re4 Ra1+ 48. Kf2 Kg5 49. Rc4 Kg6 50. h4 Ra5 51. h5+ Kg5 52. Rb4 Ra3 53. Rb5+ Kh6 54. g4 Ra2 55. g5+ Kg7 56. Rb7+ Kf8 57. Kf3 Ra3+ 58.
Kf4 Ra4+ 59. Kf5 Rh4 60. Kg6 Rd4 61. Rb8+ Ke7 62. h6 Rd6+ 63. Kg7 Kd7 64. Bg4+ Kc7 65. Rc8+ Kb7 66. Rf8 Ka7 67. h7 Rc6 68. h8=Q Rc7+ 69. Rf7 1-0

[Event "Early-Titled-Tuesday-Blitz-April-02-2024"]
[Site "Chess.com"]
[Date "2024.04.02"]
[Round "9"]
[White "NikitaShnadrygin"]
[Black "SharapovEvgeny"]
[Result "0-1"]
[WhiteElo "2665"]
[BlackElo "2573"]
[TimeControl "180+1"]
[EndTime "9:45:42 PDT"]
[Termination "SharapovEvgeny won on time"]

1. e4 c6 2. d4 d5 3. f3 e6 4. Nc3 Bb4 5. Bf4 Ne7 6. Bd3 O-O 7. Ne2 c5 8. dxc5 d4 9. a3 Ba5 10. b4 dxc3 11. bxa5 Qxa5 12. Bd6 Nbc6 13. Qc1 b6 14.
Qe3 bxc5 15. Qxc5 Qxc5 16. Bxc5 Rd8 17. Nxc3 Ng6 18. Kf2 Nf4 19. Rhd1 Nxd3+ 20. cxd3 Ba6 21. d4 Rac8 22. Rac1 Na5 23. Rb1 Nb7 24. Bb4 Rd7 25.
d5 e5 26. Rbc1 f5 27. Ne2 Rxc1 28. Rxc1 fxe4 29. fxe4 Bd3 30. Ke3 Bb5 31. Rc8+ Kf7 32. Nc3 Ba6 33. Rc6 Bf1 34. a4 a5 35. Ba3 Bxg2 36.
Nb5 h5 37. Rb6 Kg8 38. Bb2 Nc5 39. Bxe5 Nxe4 40. d6 Ng5 41. Nd4 Nf7 42. Bg3 g5 43. Nb5 h4 44. Bf2 Bf1 45. Rb8+ Kh7 46. Be1 Bxb5 47.
axb5 Nxd6 48. Kf3 Rb7 49. Rd8 Nxb5 50. Kg4 a4 51. Kxg5 a3 52. Bf2 a2 53. Rd1 Nc3 0-1

[Event "Early-Titled-Tuesday-Blitz-April-02-2024"]
[Site "Chess.com"]
[Date "2024.04.02"]
[Round "9"]
[White "lamomiajunior"]
[Black "DvaHrasta"]
[Result "1-0"]
[WhiteElo "2707"]
[BlackElo "2539"]
[TimeControl "180+1"]
[EndTime "9:45:43 PDT"]
[Termination "lamomiajunior won on time"]

1. d4 Nf6 2. Nc3 d5 3. Bf4 e6 4.
Nb5 Bd6 5. Nxd6+ cxd6 6. e3 O-O 7. Nf3 Nc6 8. h3 Re8 9. c3 e5 10. Bh2 Bf5 11. Be2 a5 12. O-O a4 13. Rc1 Qb6 14. b3 axb3 15. Qxb3 Qxb3 16. axb3 Ra2 17. Bb5 Bc2 18.
dxe5 dxe5 19. Nxe5 Ne4 20. Nxc6 bxc6 21. Bxc6 Rd8 22.
Be5 Nd2 23. Ra1 Bxb3 24. Rxa2 Bxa2 25. Ra1 Bc4 26. Bc7 Rc8 27. Bd7 Rf8 28. Ra7 Ne4 29. Ba5 g6 30. Bc6 Rb8 31. Bb4 Rc8 32. Bd7 Rb8 33. Ba4 Rc8 34. f3 Ng5 35. Bd7 Rb8 36. Bd6 Rb1+ 37. Kh2 Rb2 38. Ra8+ Kg7 39. Kg3 Bf1 40.
Kf4 Rxg2 41. h4 Ne6+ 42. Bxe6 fxe6 43. Ra7+ Kg8 44. Ke5 Be2 45. f4 g5 46. hxg5 h6 47.
Kf6 hxg5 48. fxg5 Rf2+ 49. Kxe6 Bd3 50. Kxd5 Rf5+ 51. Kd4 1-0

[Event "Early-Titled-Tuesday-Blitz-April-02-2024"]
[Site "Chess.com"]
[Date "2024.04.02"]
[Round "9"]
[White "Savagelittlemole"]
[Black "Boundless_Strike"]
[Result "1-0"]
[WhiteElo "2539"]
[BlackElo "2640"]
[TimeControl "180+1"]
[EndTime "9:45:43 PDT"]
[Termination "Savagelittlemole won by checkmate"]

1. e4 e5 2. Nf3 d5 3. exd5 e4 4. Qe2 Nf6 5. Nc3 Be7 6. Nxe4 O-O 7. Nxf6+ Bxf6 8. Qd3 Re8+ 9. Be2 Qe7 10. Qe3 Qd8 11.
Qb3 c5 12. d3 Nd7 13. Be3 Nb6 14. c4 Bd7 15. a4 Nc8 16. Bxc5 g5 17. h3 h5 18. Be3 Nd6 19. Nd4 Qe7 20. Nc2 Nf5 21.
Bxh5 b6 22. O-O-O a6 23. Bg4 b5 24. Bxf5 bxa4 25. Qa3 Bxf5 26. Qxe7 Rxe7 27. Nd4 Bg6 28.
Kc2 Rb7 29. Rb1 Rab8 30. Rhd1 Be5 31. g3 Bg7 32. f4 gxf4 33. gxf4 Bh5 34. Rd2 Kf8 35.
f5 Rc8 36. Bf2 Bf6 37. Re1 Rd7 38. Nc6 Bf3 39. Bd4 Bg5 40. Rf2 Bh5 41. Rg2 Bh4 42.
Reg1 f6 43. Rg8+ Kf7 44. R1g7# 1-0

[Event "Early-Titled-Tuesday-Blitz-April-02-2024"]
[Site "Chess.com"]
[Date "2024.04.02"]
[Round "9"]
[White "DanielSaiz01"]
[Black "Tugrik1969"]
[Result "0-1"]
[WhiteElo "2298"]
[BlackElo "2551"]
[TimeControl "180+1"]
[EndTime "9:45:45 PDT"]
[Termination "Tugrik1969 won on time"]

1. d4 Nf6 2. c4 g6 3. Nf3 Bg7 4. g3 O-O 5. Bg2 c6 6. O-O d5 7. Nbd2 Bf5 8. b3 Ne4 9. Bb2 Nd7 10. Nh4 Nxd2 11. Qxd2 Be6 12. cxd5 cxd5 13. Nf3 Nf6 14. Ne5 Ne4 15. Qb4 Qd6 16. Ba3 Qxb4 17. Bxb4 Nd6 18. e3 Rfc8 19. Rac1 Nf5 20. Nd3 a5 21. Bc5 Rc6 22.
Nf4 Rac8 23. Nxd5 Bxd5 24. Bxd5 R6c7 25. Ba3 e5 26. Bxb7 Rxc1 27. Rxc1 Rxc1+ 28. Bxc1 exd4 29. exd4 Bxd4 30. Bd2 Bb6 31. a4 Nd4 32. b4 axb4 33.
Bxb4 Ba7 34. a5 f5 35. a6 Kf7 36. Bd5+ Ke8 37. Bd6 Ne2+ 0-1

[Event "Early-Titled-Tuesday-Blitz-April-02-2024"]
[Site "Chess.com"]
[Date "2024.04.02"]
[Round "9"]
[White "elcala"]
[Black "Janh4"]
[Result "0-1"]
[WhiteElo "1815"]
[BlackElo "2168"]
[TimeControl "180+1"]
[EndTime "9:45:45 PDT"]
[Termination "Janh4 won on time"]

1. d4 d5 2. Nf3 Nc6 3. Bf4 Bg4 4. e3 e6 5. Nbd2 Bd6 6. Bg3 Nge7 7. c3 Nf5 8. Bd3 Nxg3 9. hxg3 h6 10. Qb3 Rb8 11.
e4 dxe4 12. Nxe4 O-O 13. O-O-O Be7 14. Rde1 b6 15. Qc2 Na5 16. Ne5 Bf5 17. g4 Bxe4 18.
Bxe4 c5 19. dxc5 bxc5 20. f4 Qc7 21. Rd1 Rfd8 22. Bh7+ Kf8 23. Be4 Rb6 24. g3 Bf6 25. Qa4 Bxe5 26. fxe5 Nb7 27. Bxb7 Rxb7 28. Rxd8+ Qxd8 29.
Rd1 Qg5+ 30. Qf4 Ke7 31. Qxg5+ hxg5 32. Kc2 f6 33. exf6+ gxf6 34. Re1 e5 35. b3 Ke6 36. Kd3 Rd7+ 37. Kc4 Rd2 38. a4 Rg2 39. Re3 Rb2 40. Rf3 Ke7 41. a5 a6 42. Kxc5 Rxb3 43. Kc4 Rb1 0-1

[Event "Early-Titled-Tuesday-Blitz-April-02-2024"]
[Site "Chess.com"]
[Date "2024.04.02"]
[Round "9"]
[White "Lukianoo"]
[Black "wonderfultime"]
[Result "0-1"]
[WhiteElo "2836"]
[BlackElo "2995"]
[TimeControl "180+1"]
[EndTime "9:45:46 PDT"]
[Termination "wonderfultime won on time"]

1. e4 e5 2. d4 exd4 3. Qxd4 Nc6 4. Qe3 Nf6 5. Nc3 Bb4 6. Bd2 O-O 7. O-O-O Re8 8. Bc4 d6 9. f3 Be6 10. Bxe6 fxe6 11.
Nge2 Nd7 12. Qf2 Nde5 13. Kb1 Qf6 14. a3 Bc5 15. Qg3 Nc4 16. Bg5 Qf7 17. h4 b5 18.
Na2 Reb8 19. h5 b4 20. axb4 Nxb4 21. Bc1 e5 22. b3 Nxa2 23. Kxa2 Na5 24. Rd3 Nc6 25.
Bd2 a5 26. Kb2 a4 27. Ra1 Qxh5 28. Qh3 Qf7 29. Qf5 axb3 30. Qxf7+ Kxf7 31. Rxa8 Rxa8 32. cxb3 Ke6 33. Bc3 h5 34. Rd1 g6 35. Rh1 Be3 36. Rd1 Rb8 37. Kc2 Na7 38. Ra1 Nb5 39. Bb2 h4 40. Rh1 Bf2 41. Ra1 g5 42. Bc1 Rg8 43. Ra5 c6 44. Ra6 g4 45. fxg4 Rxg4 46. Rxc6 Rxg2 0-1

[Event "Early-Titled-Tuesday-Blitz-April-02-2024"]
[Site "Chess.com"]
[Date "2024.04.02"]
[Round "9"]
[White "Witik"]
[Black "DenLaz"]
[Result "0-1"]
[WhiteElo "2800"]
[BlackElo "3100"]
[TimeControl "180+1"]
[EndTime "9:45:46 PDT"]
[Termination "DenLaz won on time"]

1. d4 f5 2. g3 Nf6 3. Bg2 g6 4. Nd2 Nc6 5. d5 Ne5 6. Ndf3 Nf7 7. Nh3 c6 8. Nf4 cxd5 9. Nxd5 Qa5+ 10. Nc3 Bg7 11.
O-O O-O 12. Nd4 d6 13. Nb3 Qd8 14. a4 Rb8 15. a5 b6 16. axb6 axb6 17. Nd4 Bb7 18.
Ne6 Qd7 19. Nxf8 Bxf8 20. Ra7 Qc8 21. Nd5 Bxd5 22. Bxd5 e6 23. Bg2 d5 24. b3 Bc5 25. c4 b5 26. Rxf7 Kxf7 27. cxd5 exd5 28. Bf4 Rb6 29. Bxd5+ Kg7 30. Bf3 Qe6 31. Qc1 Be7 32.
Rd1 Qxb3 33. Rd3 Qb4 34. Qc7 Qc5 35. Qa7 Re6 36. Qa1 Kf7 37. Kg2 Ne4 38. Be3 Qc4 39. Qh8 h5 40. Qh7+ Ke8 41. Qg8+ Bf8 42. Bh6 Rf6 43. Qh8 Qf7 44. Bxe4 fxe4 45. Rd4 Rxf2+ 46. Kh3 Qf5+ 0-1

[Event "Early-Titled-Tuesday-Blitz-April-02-2024"]
[Site "Chess.com"]
[Date "2024.04.02"]
[Round "9"]
[White "MathiasWomacka"]
[Black "Aleksandar-Topalov"]
[Result "1-0"]
[WhiteElo "2484"]
[BlackElo "2332"]
[TimeControl "180+1"]
[EndTime "9:45:46 PDT"]
[Termination "MathiasWomacka won on time"]

1. e4 e6 2. d4 d5 3. Nd2 Nf6 4. e5 Ng8 5. Bd3 Ne7 6. Ndf3 Qd7 7. Ng5 h6 8. Nh7 b6 9. Nxf8 Kxf8 10. b3 Ba6 11. Ba3 Bxd3 12. Qxd3 Nc6 13. Ne2 a5 14. O-O g6 15. c4 Nb4 16. Qc3 dxc4 17. bxc4 c5 18.
dxc5 bxc5 19. Qf3 Rd8 20. Qf6 Kg8 21. Nc3 Nec6 22. Ne4 Qc7 23. Rad1 Kh7 24. Nxc5 Nxe5 25. Ne4 Nec6 26. Bb2 e5 27. Nd6 Rhf8 28. c5 Rd7 29. Bxe5 Nxe5 30. Qxe5 Nxa2 31. Ra1 Nb4 32. Qc3 Rxd6 33.
Qg3 Rc6 34. Qf3 Rxc5 35. h4 Kg8 36. Rae1 Nc2 37. Re4 Rc4 38. h5 Nd4 39. Qg4 g5 40. Rxd4 Rxd4 41. Qxd4 Qb7 42. g3 Qc6 43. Re1 1-0

[Event "Early-Titled-Tuesday-Blitz-April-02-2024"]
[Site "Chess.com"]
[Date "2024.04.02"]
[Round "9"]
[White "Tonychess32"]
[Black "LeninGuerra"]
[Result "0-1"]
[WhiteElo "2555"]
[BlackElo "2728"]
[TimeControl "180+1"]
[EndTime "9:45:47 PDT"]
[Termination "LeninGuerra won on time"]

1. c4 e5 2. e3 Nf6 3. Nc3 a6 4. Nf3 Nc6 5. Be2 Bb4 6. Qc2 O-O 7. a3 Bc5 8. d3 Ba7 9. O-O d6 10. b4 Bf5 11. Bb2 h6 12. Rfd1 Bh7 13. Qb3 Qd7 14. d4 exd4 15. exd4 Rae8 16. c5 Ne4 17. Nxe4 Bxe4 18.
Rac1 Ne7 19. Bc4 Ng6 20. Re1 d5 21. Bf1 c6 22. Nd2 Bb8 23. Nxe4 dxe4 24. Rcd1 Nf4 25. g3 Nd5 26. Bg2 f5 27. Bc1 Kh8 28. f3 exf3 29. Bxf3 Rxe1+ 30. Rxe1 Re8 31. Rxe8+ Qxe8 32. Kf2 Nf6 33.
d5 cxd5 34. Bxd5 Ng4+ 35. Kf1 Nxh2+ 36. Kf2 Ng4+ 37. Kf1 Qe7 38. Bf3 Nf6 39. Bf4 Bxf4 40. gxf4 Kh7 41. Qd3 Kg6 42. Qd6 Qe3 43. Kg2 Qxa3 44.
Bxb7 Qxb4 45. Bf3 Qb2+ 46. Kg3 Qc3 47. Qe5 Qxe5 48. fxe5 Ne8 49. Kf4 Nc7 0-1

[Event "Early-Titled-Tuesday-Blitz-April-02-2024"]
[Site "Chess.com"]
[Date "2024.04.02"]
[Round "9"]
[White "AlexanderKing"]
[Black "Ergali_Suleimen"]
[Result "1-0"]
[WhiteElo "2602"]
[BlackElo "2362"]
[TimeControl "180+1"]
[EndTime "9:45:48 PDT"]
[Termination "AlexanderKing won by resignation"]

1. c4 e5 2. g3 Nf6 3. Bg2 d5 4. cxd5 Nxd5 5. Nc3 c6 6. Nf3 Bd6 7. O-O O-O 8. d4 exd4 9. Nxd5 cxd5 10. Nxd4 Be5 11.
Be3 Nc6 12. Nxc6 bxc6 13. Bd4 Bd6 14. Rc1 Bf5 15. Rxc6 Be4 16. Bxe4 dxe4 17. Bxg7 Bxg3 18. hxg3 Qxd1 19. Rxd1 Kxg7 20. Rd4 f5 21. Rd7+ Rf7 22. Rxf7+ Kxf7 23. Rc7+ Kg6 24. b4 a5 25. b5 a4 26.
Rc4 Kf6 27. b6 Ke6 28. a3 Kd5 29. Rxa4 Rb8 30. Rb4 Kc5 31. Kg2 Kc6 32. Kh3 Kb7 33. g4 Rg8 34. gxf5 Rf8 35. Rxe4 Rxf5 36. f3 Kxb6 37.
Rh4 h6 38. Kg3 h5 39. e4 Ra5 40. Kf4 Kc6 41. Rh1 Kd6 42. Rd1+ Ke6 43. Rd5 Rxa3 44. Rxh5 Rb3 45. Rh6+ Kf7 46. Ra6 Rc3 47. Kg4 Ke7 48.
f4 Rc4 49. Kf5 Rb4 50. Ra7+ Ke8 51. e5 Rb7 52. Rxb7 Kd8 53. Ra7 Kc8 54. Rh7 Kb8 55.
e6 Ka8 56. Rf7 1-0

[Event "Early-Titled-Tuesday-Blitz-April-02-2024"]
[Site "Chess.com"]
[Date "2024.04.02"]
[Round "9"]
[White "Flaccidmoves"]
[Black "DefenceWinsChampionships"]
[Result "1/2-1/2"]
[WhiteElo "2424"]
[BlackElo "2305"]
[TimeControl "180+1"]
[EndTime "9:45:48 PDT"]
[Termination "Game drawn by repetition"]

1. d4 c5 2. d5 e6 3. c4 exd5 4. cxd5 d6 5. Nc3 Nf6 6. e4 g6 7.
f4 Bg7 8. Bb5+ Nfd7 9. a4 O-O 10. Nf3 a6 11. Bc4 Re8 12. O-O Bxc3 13. bxc3 Rxe4 14. Bd3 Re8 15. f5 Ne5 16. Nxe5 Rxe5 17. c4 Bxf5 18.
Bxf5 Rxf5 19. Rxf5 gxf5 20. Bb2 Qg5 21. Qb3 Nd7 22. Re1 Rb8 23. Qc3 f6 24. Re6 Qf4 25. g3 Qd4+ 26. Qxd4 cxd4 27. Bxd4 Rc8 28. Rxd6 Rxc4 29.
Bxf6 Nxf6 30. Rxf6 Rxa4 31. Rxf5 Ra5 32. Kf2 Rc5 33.
Ke3 b5 34. Kd4 Rc4+ 35. Ke5 a5 36. Ke6 Rc1 37. d6 Re1+ 38. Kd5 a4 39. d7 Rd1+ 40. Kc6 a3 41. Rxb5 a2 42. Ra5 Kf7 43. Rxa2 Rc1+ 44. Kd6 Rd1+ 45. Kc6 Rc1+ 46. Kd5 Rd1+ 47. Kc6 1/2-1/2

[Event "Early-Titled-Tuesday-Blitz-April-02-2024"]
[Site "Chess.com"]
[Date "2024.04.02"]
[Round "9"]
[White "GOGIEFF"]
[Black "Zhigalko_Sergei"]
[Result "0-1"]
[WhiteElo "3005"]
[BlackElo "2896"]
[TimeControl "180+1"]
[EndTime "9:45:49 PDT"]
[Termination "Zhigalko_Sergei won by resignation"]

1. c4 e5 2. d3 Nf6 3. Nf3 Nc6 4. a3 g6 5. b4 d6 6. Bb2 Bg7 7. e3 O-O 8. Nbd2 a5 9. b5 Ne7 10. Be2 b6 11. O-O Bb7 12. Qc2 Re8 13. Rad1 Qd7 14.
d4 e4 15. Ng5 d5 16. c5 Bc8 17. a4 Qd8 18. Rc1 h6 19. cxb6 cxb6 20. Nh3 Bxh3 21. gxh3 Rc8 22. Qd1 Rxc1 23. Bxc1 h5 24. Ba3 Nf5 25.
Qc2 Bf8 26. Bxf8 Rxf8 27. Rc1 Nh7 28. Qc7 Qh4 29. Bf1 Ng5 30. Qf4 Qxf4 31. exf4 Ne6 32. Rc6 Rb8 33. Nb3 Nxf4 34. h4 Nxh4 35. Nc5 Nf3+ 36.
Kh1 bxc5 37. dxc5 Ne5 38. Rd6 Nc4 39. Rd7 Ne6 40. c6 Nb6 41. Ra7 d4 42. Rxa5 d3 43. Ra7 Nf4 44. Rb7 Rc8 0-1

[Event "Early-Titled-Tuesday-Blitz-April-02-2024"]
[Site "Chess.com"]
[Date "2024.04.02"]
[Round "9"]
[White "SahibSinghKnight"]
[Black "blitzking1729"]
[Result "1-0"]
[WhiteElo "2619"]
[BlackElo "2760"]
[TimeControl "180+1"]
[EndTime "9:45:49 PDT"]
[Termination "SahibSinghKnight won by resignation"]

1. e4 e5 2. Nf3 Nc6 3. Bb5 a6 4.
Ba4 Nf6 5. O-O d6 6. Re1 Bd7 7. c3 g6 8. d4 Bg7 9. dxe5 Nxe5 10. Nxe5 dxe5 11. Bxd7+ Qxd7 12. Qxd7+ Nxd7 13. Nd2 Nc5 14. Nb3 Nd3 15. Rd1 O-O-O 16. Kf1 f5 17. Bg5 Rd7 18.
exf5 gxf5 19. Ke2 Nxb2 20. Rxd7 Kxd7 21. Nc5+ Kc6 22. Nxb7 Na4 23. Nd8+ Kd7 24. Rd1+ Kc8 25. Rd2 Nxc3+ 26. Ke1 Ne4 27. Nf7 Nxd2 28. Nxh8 Nf3+ 29. gxf3 Bxh8 30. Ke2 Kd7 31. Kd3 Ke6 32. Kc4 Bf6 33. Bd2 Be7 34. Ba5 Bd6 35. h3 e4 36. fxe4 fxe4 37. Kd4 Kf5 38. Bd2 Bf4 39. Be3 h5 40. Kd5 Bd6 41. a4 a5 42. Bd2 Bh2 43. Bxa5 Bg1 44.
Be1 e3 45. fxe3 Bxe3 46. a5 Kf4 47. Kc6 Ke4 48. a6 Kd3 49. Bg3 Kc4 50. Bxc7 1-0

[Event "Early-Titled-Tuesday-Blitz-April-02-2024"]
[Site "Chess.com"]
[Date "2024.04.02"]
[Round "9"]
[White "GnowReopard"]
[Black "IriBu"]
[Result "1-0"]
[WhiteElo "2759"]
[BlackElo "2592"]
[TimeControl "180+1"]
[EndTime "9:45:50 PDT"]
[Termination "GnowReopard won by resignation"]

1. c4 Nf6 2. Nc3 g6 3. g3 d6 4. Bg2 Bg7 5. Nf3 O-O 6. O-O e5 7. d3 c6 8. a3 a5 9. Rb1 Na6 10.
Bg5 Nc7 11. Nd2 h6 12. Bxf6 Bxf6 13. b4 axb4 14. axb4 d5 15. b5 e4 16. Qc2 exd3 17. exd3 Be6 18. bxc6 bxc6 19. cxd5 cxd5 20. Ne2 Rc8 21.
Qa4 Bf5 22. Qa3 Qe7 23. Qxe7 Bxe7 24. Rb3 Ne6 25. d4 Rc2 26. Rd1 Bg4 27. f3 Bg5 28. fxg4 Bxd2 29. Bxd5 Re8 30. Be4 Ra2 31. Bb1 Ra1 32.
Rxd2 Ng5 33. Kg2 Rc8 34. d5 Ra7 35. h4 Nh7 36. Rf3 Kg7 37. d6 Rd8 38. Nc3 Nf6 39.
g5 hxg5 40. hxg5 Nh7 41. Ne4 Rad7 42. Ba2 Re8 43. Bd5 Re5 44. Bc6 Rd8 45. Rdf2 Rf8 46. d7 Nxg5 47. Nxg5 Rxg5 48. Rxf7+ Rxf7 49. Rxf7+ Kxf7 50. d8=Q 1-0

[Event "Early-Titled-Tuesday-Blitz-April-02-2024"]
[Site "Chess.com"]
[Date "2024.04.02"]
[Round "9"]
[White "Barmen_EV"]
[Black "MarijaKuznecova"]
[Result "1-0"]
[WhiteElo "2575"]
[BlackElo "2427"]
[TimeControl "180+1"]
[EndTime "9:45:51 PDT"]
[Termination "Barmen_EV won by resignation"]

1. e4 c5 2. c3 Nf6 3. e5 Nd5 4. d4 cxd4 5. Nf3 Nc6 6. cxd4 d6 7. Bc4 dxe5 8. dxe5 Ndb4 9. O-O Qxd1 10. Rxd1 Bg4 11. Nc3 Rc8 12. Bf4 e6 13. a3 Nc2 14. Rac1 Bxf3 15. gxf3 N2d4 16. Kg2 Be7 17. b4 O-O 18. b5 Na5 19. Ba2 Bxa3 20. Rb1 Rxc3 21. Rxd4 Rc2 22. Ra4 Rxa2 23. Rxa5 Rb2 24. Rxb2 Bxb2 25. Rxa7 b6 26. Be3 Bxe5 27. Bxb6 Rb8 28. Ra6 g5 29. Kf1 Bxh2 30. Bd4 e5 31. Bb6 Bf4 32. Ke2 h5 33. Kd3 h4 34.
Kc4 h3 35. Kc5 f5 36. Bc7 Rc8 37. b6 e4 38. Kc6 h2 39. Ra1 Rxc7+ 40. bxc7 Bxc7 41.
Kxc7 g4 42. fxg4 fxg4 43. Rh1 Kg7 44. Rxh2 Kf6 45. Kd6 Kf5 46. Rh8 e3 47. fxe3 Ke4 48.
Rg8 Kf3 49. e4 1-0